Map: Daybreak LE (Void)

Players

PtitDrogo

  • Race: Protoss Protoss
  • League: Grandmaster
  • Spawn Location: 1:00

Nerchio - Winner!

  • Race: Zerg Zerg
  • League: Grandmaster
  • Spawn Location: 7:00

Event: NationWars IV

VOD

Have the link to the VOD?

Description

Time

  • Played on: Jan. 6, 2017, 4:58 p.m.
  • Length: 13:43
Show
View Real Time Build Order
Export as new Build Order

PtitDrogo Protoss 

Build Orders: 1 Gate Expand, Zealot Archon, Dark Templar Rush 

Get SALT Encoding   

  12  0:01  Probe (Chrono Boost)  
  13  0:11  Probe (Chrono Boost)  
  14  0:18  Pylon  
  14  0:22  Probe (Chrono Boost)  
  15  0:36  Probe (Chrono Boost)  
  15  0:38  Gateway  
  16  0:45  Assimilator  
  16  0:46  Probe (Chrono Boost)  
  17  0:57  Probe (Chrono Boost)  
  18  1:08  Probe (Chrono Boost)  
  19  1:21  Nexus  
  19  1:24  Probe (Chrono Boost)  
  20  1:33  Cybernetics Core  
  20  1:37  Probe (Chrono Boost)  
  21  1:42  Assimilator  
  21  1:47  Probe (Chrono Boost)  
  21  1:52  Pylon  
  22  1:58  Probe (Chrono Boost)  
  23  2:07  Stalker  
  23  2:10  Warp Gate  
  23  2:12  Probe (Chrono Boost)  
  28  2:24  Mothership Core (Chrono Boost)  
  28  2:33  Probe (Chrono Boost)  
  29  2:42  Probe (Chrono Boost)  
  29  2:43  Probe (Chrono Boost)  
  31  2:44  Twilight Council  
  31  2:53  Probe (Chrono Boost)  
  31  2:54  Probe (Chrono Boost)  
  33  3:01  Robotics Facility  
  33  3:03  Probe (Chrono Boost)  
  33  3:04  Probe (Chrono Boost)  
  35  3:14  Probe (Chrono Boost)  
  35  3:15  Probe (Chrono Boost)  
  37  3:22  Gateway  
  37  3:24  Probe (Chrono Boost), Pylon  
  37  3:26  Probe (Chrono Boost)  
  39  3:31  Dark Shrine  
  39  3:35  Probe (Chrono Boost)  
  39  3:36  Probe (Chrono Boost)  
  39  3:38  Gateway  
  41  3:44  Gateway  
  41  3:46  Probe (Chrono Boost)  
  41  3:47  Probe (Chrono Boost)  
  43  3:50  Warp Prism  
  45  3:58  Probe (Chrono Boost)  
  45  3:59  Probe (Chrono Boost)  
  45  4:02  Assimilator  
  47  4:04  Assimilator  
  48  4:10  Probe x2 (Chrono Boost)  
  49  4:22  Probe (Chrono Boost), Pylon  
  50  4:26  Nexus  
  50  4:29  Probe (Chrono Boost)  
  51  4:38  Probe (Chrono Boost)  
  52  4:45  Dark Templar x4  
  58  4:49  Pylon  
  61  4:53  Probe (Chrono Boost)  
  61  5:02  Probe (Chrono Boost)  
  61  5:05  Observer  
  62  5:08  Forge  
  62  5:09  Probe (Chrono Boost)  
  62  5:13  Probe (Chrono Boost)  
  65  5:14  Pylon  
  65  5:16  Archon  
  66  5:21  Probe (Chrono Boost)  
  66  5:22  Immortal  
  66  5:23  Probe (Chrono Boost)  
  67  5:29  Protoss Ground Weapons Level 1  
  67  5:33  Probe (Chrono Boost)  
  67  5:34  Probe (Chrono Boost), Archon  
  69  5:35  Dark Templar x2  
  69  5:38  Sentry  
  69  5:39  Probe (Chrono Boost)  
  69  5:42  Archon  
  76  5:43  Pylon  
  76  5:45  Probe (Chrono Boost)  
  76  5:46  Probe (Chrono Boost)  
  79  5:50  Photon Cannon, Probe (Chrono Boost)  
  79  5:56  Immortal  
  81  5:57  Probe (Chrono Boost)  
  81  5:58  Probe (Chrono Boost)  
  81  6:00  Probe (Chrono Boost), Pylon  
  86  6:09  Probe (Chrono Boost)  
  86  6:10  Probe (Chrono Boost)  
  88  6:12  Probe (Chrono Boost), Zealot x2, Sentry  
  88  6:15  Assimilator  
  88  6:16  Assimilator  
  95  6:22  Probe (Chrono Boost)  
  97  6:26  Probe (Chrono Boost)  
  97  6:28  Charge  
  97  6:29  Probe (Chrono Boost)  
  97  6:32  Immortal  
  99  6:34  Probe (Chrono Boost), Gateway  
  99  6:35  Gateway  
  99  6:36  Gateway  
  99  6:37  Gateway  
  103  6:49  Gateway  
  103  6:50  Gateway  
  103  7:01  Pylon  
  103  7:10  Zealot x3  
  103  7:13  Pylon  
  103  7:14  Immortal  
  103  7:15  Protoss Ground Weapons Level 2  
  109  7:17  Robotics Bay  
  109  7:19  Robotics Facility  
  113  7:29  Zealot  
  115  7:30  Zealot  
  115  7:34  Pylon  
  115  7:36  Pylon  
  117  7:39  Pylon  
  117  7:43  Zealot x3  
  117  7:44  Zealot  
  125  7:48  Pylon  
  125  7:52  Pylon  
  125  7:53  Pylon  
  125  7:59  Disruptor  
  125  8:01  Disruptor  
  131  8:15  Nexus  
  131  8:25  Dark Templar  
  131  8:26  Zealot, Dark Templar x3  
  131  8:27  Templar Archives, Zealot x5  
  145  8:32  Archon x2  
  149  8:35  Pylon  
  148  8:52  Disruptor x2  
  152  9:07  Photon Cannon  
  152  9:10  Photon Cannon, High Templar x2  
  152  9:11  Zealot x3, High Templar x2  
  152  9:12  Zealot, Pylon  
  152  9:13  Nexus  
  152  9:15  Archon x2  
  152  9:16  Pylon  
  156  9:33  Zealot x2  
  156  9:34  Probe (Chrono Boost), Zealot x4  
  157  9:47  Zealot  
  157  9:48  Zealot x3  
  157  9:49  Disruptor x2  
  147  9:53  Pylon  
  147  9:54  Photon Cannon x2  
  147  9:59  Zealot x3  
  151  10:06  Zealot x4  
  151  10:09  Protoss Ground Weapons Level 3, Phoenix  
  151  10:13  Stalker x2  
  148  10:19  Probe x2 (Chrono Boost)  
  150  10:28  Probe (Chrono Boost)  
  151  10:34  Mothership Core (Chrono Boost)  
  153  10:37  High Templar x3  
  153  10:38  Zealot x3, High Templar  
  167  10:44  Archon  
  167  10:45  Archon  
  162  10:58  Robotics Facility  
  158  11:06  Zealot x3  
  161  11:11  Zealot x3  
  161  11:12  Zealot  
  157  11:20  High Templar x2  
  147  11:37  Archon  
  143  11:48  Disruptor, High Templar x4  
  143  11:49  Zealot x3  
  143  11:52  Mothership Core (Chrono Boost)  
  143  11:53  Robotics Facility  
  156  12:06  Archon  
  153  12:19  Disruptor, Zealot x5  
  163  12:25  Archon  
  162  12:32  Nexus  
  162  12:35  Pylon  
  162  12:36  Pylon  
  162  12:43  Zealot  
  152  12:49  Disruptor  
  152  12:50  Disruptor  
  149  12:56  Zealot  
  149  12:57  Zealot x4  
  104  13:08  Zealot  
  104  13:09  Zealot x3  
Show
View Real Time Build Order
Export as new Build Order

Nerchio Zerg - Winner!

Build Orders: Hatch First, Lurkers 

Get SALT Encoding   

  12  0:00  Drone  
  13  0:12  Overlord  
  13  0:17  Drone  
  14  0:30  Drone x2  
  14  0:34  Drone  
  17  0:52  Hatchery  
  17  0:55  Drone  
  17  0:58  Drone  
  18  1:06  Extractor  
  17  1:14  Spawning Pool  
  17  1:17  Drone  
  17  1:21  Drone  
  18  1:28  Drone  
  19  1:38  Overlord  
  19  1:49  Drone  
  20  2:00  Zergling x2, Queen  
  23  2:04  Queen  
  23  2:06  Metabolic Boost  
  25  2:11  Drone  
  25  2:13  Drone  
  27  2:17  Drone  
  27  2:21  Drone  
  29  2:25  Zergling x2  
  30  2:39  Hatchery  
  30  2:41  Drone  
  30  2:46  Drone x2  
  32  2:54  Queen  
  32  2:58  Overlord  
  34  3:07  Drone x2  
  34  3:10  Overlord  
  36  3:18  Drone x4  
  36  3:19  Drone  
  40  3:21  Drone  
  40  3:24  Spore Crawler  
  40  3:29  Drone x2  
  40  3:30  Drone  
  43  3:39  Drone x4  
  47  3:45  Roach Warren  
  46  3:49  Extractor  
  46  3:50  Lair  
  46  3:54  Drone x2  
  48  3:55  Drone  
  48  4:00  Extractor  
  48  4:01  Drone x2  
  48  4:02  Drone  
  50  4:06  Spore Crawler  
  50  4:07  Drone x2  
  51  4:13  Drone x2  
  51  4:14  Drone x2  
  55  4:18  Overlord  
  55  4:21  Overlord  
  55  4:30  Roach  
  57  4:36  Roach x4  
  65  4:40  Roach x3  
  71  4:48  Overseer  
  71  4:49  Drone x3  
  71  4:51  Overlord  
  74  4:53  Overseer  
  74  4:56  Overlord  
  74  5:06  Glial Reconstitution  
  74  5:08  Overlord x2  
  74  5:11  Drone x6  
  74  5:13  Extractor, Drone  
  79  5:21  Drone  
  79  5:22  Drone x4  
  79  5:25  Overlord  
  79  5:26  Drone x2  
  79  5:27  Drone  
  87  5:29  Extractor x2  
  87  5:33  Evolution Chamber  
  87  5:34  Hydralisk Den  
  87  5:35  Drone x2  
  85  5:36  Drone  
  85  5:38  Drone  
  85  5:39  Drone  
  85  5:40  Drone  
  89  5:45  Spore Crawler  
  88  5:50  Roach  
  88  5:51  Roach x2  
  88  5:56  Overlord x2  
  94  5:58  Zerg Missile Weapons Level 1  
  94  6:07  Drone x3  
  94  6:08  Drone  
  94  6:10  Overlord  
  98  6:11  Hatchery  
  98  6:15  Hydralisk x2  
  101  6:28  Muscular Augments  
  101  6:29  Drone x9  
  110  6:35  Drone x4  
  110  6:36  Drone  
  110  6:37  Drone  
  116  6:42  Hydralisk x3  
  116  6:44  Pneumatized Carapace  
  122  6:51  Hydralisk, Overseer  
  124  6:55  Hydralisk x2  
  124  6:57  Extractor, Spore Crawler  
  126  7:03  Baneling Nest  
  125  7:09  Hydralisk  
  125  7:10  Hydralisk  
  125  7:11  Overlord x4  
  129  7:19  Overlord  
  129  7:21  Drone  
  130  7:23  Overlord  
  130  7:31  Hydralisk x2  
  130  7:32  Hydralisk x5  
  130  7:33  Hydralisk  
  130  7:34  Hydralisk  
  130  7:36  Hydralisk  
  148  7:41  Hydralisk, Lurker Den  
  152  7:44  Overseer  
  152  7:45  Hydralisk  
  152  7:48  Hydralisk x2  
  158  7:53  Hydralisk x2  
  158  7:54  Hydralisk  
  164  8:01  Zergling x12  
  164  8:02  Zergling x4  
  172  8:16  Zergling x6  
  172  8:17  Zergling x12  
  172  8:18  Ravager x3  
  172  8:19  Overlord x2  
  184  8:22  Zerg Missile Weapons Level 2  
  184  8:26  Overlord  
  184  8:34  Overlord x2  
  184  8:46  Hydralisk x6  
  184  8:47  Hydralisk x3  
  200  8:54  Hydralisk  
  199  8:56  Centrifical Hooks  
  199  8:59  Baneling x9  
  199  9:00  Baneling x8  
  194  9:26  Hydralisk x3  
  199  9:38  Zergling x2  
  189  9:46  Hydralisk  
  189  9:47  Hydralisk x12  
  197  9:57  Zergling x2  
  192  10:00  Zergling x6  
  192  10:05  Lurker x4  
  192  10:06  Zergling x2  
  199  10:12  Hydralisk x2  
  181  10:16  Hydralisk x2  
  181  10:17  Extractor  
  181  10:20  Zergling x4  
  181  10:21  Zergling x2  
  187  10:26  Hatchery  
  186  10:29  Hatchery  
  186  10:32  Hydralisk x4  
  193  10:38  Zerg Melee Weapons Level 1, Zergling x2  
  194  10:44  Zergling x4  
  194  10:45  Zergling x4  
  194  10:46  Zergling x2  
  199  10:50  Spire  
  199  10:56  Zergling x8  
  199  10:58  Zergling x4  
  196  11:05  Zergling x6  
  196  11:06  Zergling x4  
  193  11:13  Zergling x12  
  193  11:14  Zergling x4  
  193  11:18  Zergling x2  
  195  11:21  Zergling x6  
  195  11:22  Zergling x6, Queen  
  194  11:28  Spine Crawler x4  
  194  11:29  Zergling x6, Spine Crawler x2  
  180  11:33  Zergling x2  
  180  11:35  Zergling x4  
  180  11:37  Zergling x2  
  168  11:43  Zergling x4  
  168  11:45  Zergling x2  
  169  11:47  Zergling x4  
  169  11:50  Baneling x7  
  169  11:51  Zergling x6  
  169  11:52  Zergling x2  
  174  11:56  Zergling x2  
  174  11:57  Zergling x2  
  174  11:58  Infestation Pit  
  174  12:01  Zergling x4  
  175  12:03  Queen  
  175  12:04  Zergling x4  
  175  12:05  Zergling x4  
  175  12:06  Baneling x4  
  181  12:12  Zergling x4, Spire  
  181  12:13  Zergling x4  
  184  12:18  Baneling  
  184  12:19  Baneling x9  
  184  12:23  Baneling x10  
  184  12:24  Zergling x24  
  184  12:25  Zergling x4  
  184  12:28  Zergling x4  
  200  12:31  Infestation Pit  
  200  12:33  Zergling x2  
  200  12:37  Baneling x5  
  200  12:42  Zergling x8  
  200  12:43  Zergling x6  
  200  12:45  Baneling x3  
  200  12:46  Baneling  
  200  12:50  Zergling x14  
  200  12:51  Zergling x8  
  172  13:01  Zergling x16  
  172  13:04  Zergling x6  
  146  13:06  Zergling x6  
  146  13:07  Zergling x2  
  146  13:08  Hydralisk x2  
  146  13:11  Hydralisk  
Tags
 
Add a new tag
Caveats
  • Supply blocks, unpowered buildings, or Contaminate may cause inaccurate times.
  • Supply counts are checked every 10 seconds.